[Event "Cracovia Festival-A 2023"]
[Site "Krakow"]
[Date "2024.01.04"]
[Round "9.19"]
[White "Balint, Peter"]
[Black "Lukasiewicz, Krzysztof"]
[Result "0-1"]
[ECO "B12"]
[WhiteElo "2187"]
[BlackElo "2290"]
[Annotator "RC"]
[PlyCount "72"]
[EventDate "2023.12.24"]
[EventType "swiss"]
[EventCountry "POL"]
[SourceTitle "playchess.com"]
[Source "ChessBase"]
[SourceQuality "1"]
[TimeControl "40/5400+30:1800+30"]

1. e4 c6 2. d4 d5 3. e5 Bf5 4. h4 h5 5. c4 e6 6. Nc3 dxc4 7. Bxc4 Nd7 8. Nge2 Nb6 9. Bd3 Ne7 10. Bg5 Bxd3 11. Qxd3 Qd7 12. Rd1 Nf5 13. Ng3 Nxg3 14. Qxg3 Bb4 15. O-O Bxc3 16. bxc3 Qd5 17. f4 g6 18. f5 gxf5 19. Bf6 Rf8 20. Qg5 Kd7 21. Qxh5 Qxa2 22. Bg7 Rfe8 23. Qg5 Nd5 24. h5 Nxc3 25. Rde1 Qc4 26. h6 Qxd4+ 27. Kh2 Kc7 28. h7 Rh8 29. Qh5 b5 30. Rf3 Kb6 31. Ree3 Nd5 32. Rd3 Qg4 33. Qxg4 fxg4 34. Bxh8 gxf3 35. Bg7 f2 36. Rf3 Ne3 0-1

[Event "Cracovia Festival-A 2023"]
[Site "Krakow"]
[Date "2024.01.04"]
[Round "9.20"]
[White "Antolak, Julia"]
[Black "Nemsadze, Daviti"]
[Result "1-0"]
[ECO "B40"]
[WhiteElo "2287"]
[BlackElo "2253"]
[Annotator "RC"]
[PlyCount "63"]
[EventDate "2023.12.24"]
[EventType "swiss"]
[EventCountry "POL"]
[SourceTitle "playchess.com"]
[Source "ChessBase"]
[SourceQuality "1"]
[TimeControl "40/5400+30:1800+30"]

1. e4 c5 2. Nf3 e6 3. g3 Nc6 4. Bg2 Nf6 5. d3 Be7 6. O-O e5 7. Re1 O-O 8. Nbd2 d6 9. Nf1 Re8 10. h3 Bf8 11. c3 b5 12. d4 exd4 13. cxd4 c4 14. e5 Nd5 15. Ng5 Be6 16. Qh5 h6 17. Nxe6 fxe6 18. Ne3 Nxd4 19. Nxd5 exd5 20. Bxd5+ Kh8 21. Qf7 Be7 22. Bxh6 gxh6 23. Be4 Nf3+ 24. Qxf3 d5 25. Bxd5 Rf8 26. Qe4 Rb8 27. Kg2 Qb6 28. f4 Rbc8 29. f5 c3 30. bxc3 Rxc3 31. f6 Bd8 32. Qg6 1-0

[Event "Cracovia Festival-A 2023"]
[Site "Krakow"]
[Date "2024.01.04"]
[Round "9.21"]
[White "Grochol, Kamil"]
[Black "Cieslak, Patryk"]
[Result "1/2-1/2"]
[ECO "B13"]
[WhiteElo "2101"]
[BlackElo "2284"]
[Annotator "RC"]
[PlyCount "112"]
[EventDate "2023.12.24"]
[EventType "swiss"]
[EventCountry "POL"]
[SourceTitle "playchess.com"]
[Source "ChessBase"]
[SourceQuality "1"]
[TimeControl "40/5400+30:1800+30"]

1. e4 c6 2. d4 d5 3. exd5 cxd5 4. Bd3 Nc6 5. c3 Qc7 6. Ne2 Bg4 7. O-O e6 8. Qe1 Nf6 9. f3 Bh5 10. Qh4 Bg6 11. Bxg6 fxg6 12. Nf4 Kf7 13. Nd3 e5 14. Nxe5+ Nxe5 15. dxe5 Bc5+ 16. Kh1 Qxe5 17. Bg5 h6 18. Bxf6 gxf6 19. Nd2 Qg5 20. Qxg5 hxg5 21. Nb3 Bb6 22. Rad1 Rad8 23. g3 f5 24. Kg2 f4 25. Rfe1 Rhe8 26. Rxe8 Rxe8 27. Rxd5 Re2+ 28. Kh3 Rxb2 29. Rd2 Rb1 30. Rd7+ Kf6 31. Rxb7 Rh1 32. Nd2 fxg3 33. Ne4+ Ke6 34. Kxg3 Be3 35. Rb2 Kd5 36. Rg2 Kc4 37. Kg4 a5 38. Nxg5 a4 39. Ne4 a3 40. Kh3 Ra1 41. Nd6+ Kc5 42. Ne4+ Kc4 43. Nd6+ Kd3 44. Nb5 Bc5 45. Rxg6 Rxa2 46. Ra6 Kc4 47. Nxa3+ Bxa3 48. Kg4 Rg2+ 49. Kf5 Bc5 50. h4 Rh2 51. Ra4+ Kd5 52. Re4 Kd6 53. c4 Kd7 54. Kg6 Rg2+ 55. Rg4 Rf2 56. f4 Ke6 1/2-1/2

[Event "Cracovia Festival-A 2023"]
[Site "Krakow"]
[Date "2024.01.04"]
[Round "9.22"]
[White "Baum, Jonasz"]
[Black "Ramirez Garcia, Jorge Alberto"]
[Result "1/2-1/2"]
[ECO "B13"]
[WhiteElo "2421"]
[BlackElo "2249"]
[Annotator "RC"]
[PlyCount "99"]
[EventDate "2023.12.24"]
[EventType "swiss"]
[EventCountry "POL"]
[SourceTitle "playchess.com"]
[Source "ChessBase"]
[SourceQuality "1"]
[TimeControl "40/5400+30:1800+30"]

1. e4 c6 2. d4 d5 3. exd5 cxd5 4. Bd3 Nc6 5. c3 Qc7 6. h3 Nf6 7. Nf3 g6 8. Qc2 Bg7 9. O-O O-O 10. Re1 Nh5 11. Be3 Nf4 12. Bf1 Rb8 13. Qc1 Ne6 14. Na3 a6 15. Nc2 Rd8 16. h4 Qd6 17. Bd3 b5 18. b4 Re8 19. h5 Nc7 20. h6 Bf6 21. Bf4 Qd8 22. Ne3 e5 23. dxe5 Nxe5 24. Nxe5 Bxe5 25. Bxe5 Rxe5 26. Nc2 Qd6 27. Rxe5 Qxe5 28. Qd2 Bd7 29. Re1 Qf6 30. Nd4 Rc8 31. Bc2 Be6 32. Bb3 g5 33. Re3 Qxh6 34. Rg3 Kf8 35. Rxg5 Qh4 36. Qe3 Qe4 37. Qg3 Ke7 38. Kh2 Ne8 39. Bxd5 Qe1 40. Bxe6 fxe6 41. Re5 Qxc3 42. Rxe6+ Kd7 43. Qxc3 Rxc3 44. Rxa6 Nc7 45. Ra7 Kc8 46. Ra5 Rd3 47. Nxb5 Nd5 48. a3 Kb8 49. Nd6 Nf6 50. f3 1/2-1/2

[Event "Cracovia Festival-A 2023"]
[Site "Krakow"]
[Date "2024.01.04"]
[Round "9.23"]
[White "Karolczuk, Iwo"]
[Black "Vasynda, Oleksandr"]
[Result "1-0"]
[ECO "B31"]
[WhiteElo "2365"]
[BlackElo "2153"]
[Annotator "RC"]
[PlyCount "69"]
[EventDate "2023.12.24"]
[EventType "swiss"]
[EventCountry "POL"]
[SourceTitle "playchess.com"]
[Source "ChessBase"]
[SourceQuality "1"]
[TimeControl "40/5400+30:1800+30"]

1. e4 c5 2. Nf3 Nc6 3. Bb5 g6 4. Bxc6 dxc6 5. d3 Bg7 6. h3 Nf6 7. Nc3 Nd7 8. Be3 e5 9. Qd2 Qe7 10. O-O Nf8 11. Bh6 Bxh6 12. Qxh6 f6 13. Nh4 g5 14. Nf5 Bxf5 15. exf5 Nd7 16. Ne4 O-O-O 17. a3 Qf8 18. Qh5 Kb8 19. b4 b6 20. Rfb1 Kc7 21. b5 cxb5 22. Rxb5 Qe8 23. Qf3 Nb8 24. Rab1 Nc6 25. Nxf6 Qf7 26. Ng4 Nd4 27. Rxc5+ Kd6 28. Rc6+ Nxc6 29. Qxc6+ Kxc6 30. Nxe5+ Kd5 31. Nxf7 Kd4 32. Rb4+ Kc3 33. Rc4+ Kb2 34. Nxh8 Rxh8 35. a4 1-0

[Event "Cracovia Festival-A 2023"]
[Site "Krakow"]
[Date "2024.01.04"]
[Round "9.24"]
[White "Gierulski, Kamil"]
[Black "Dubnevych, Maksym"]
[Result "1-0"]
[ECO "B31"]
[WhiteElo "2223"]
[BlackElo "2340"]
[Annotator "RC"]
[PlyCount "77"]
[EventDate "2023.12.24"]
[EventType "swiss"]
[EventCountry "POL"]
[SourceTitle "playchess.com"]
[Source "ChessBase"]
[SourceQuality "1"]
[TimeControl "40/5400+30:1800+30"]

1. e4 c5 2. Nf3 Nc6 3. Bb5 g6 4. O-O Bg7 5. c3 Nf6 6. Re1 O-O 7. d4 d5 8. e5 Ne4 9. Bxc6 bxc6 10. Be3 cxd4 11. cxd4 Qb6 12. Qc1 f6 13. Nc3 Nxc3 14. Qxc3 Rb8 15. b3 g5 16. Rac1 Bd7 17. h4 h6 18. Bd2 Rb7 19. Qd3 Bg4 20. Nh2 Be6 21. exf6 Rxf6 22. hxg5 hxg5 23. Bxg5 Bf5 24. Qd2 Rg6 25. Nf3 Be4 26. Ne5 Bxe5 27. dxe5 Qb4 28. Qxb4 Rxb4 29. Bxe7 Rxg2+ 30. Kf1 Bf3 31. Rc3 Rbg4 32. Rxf3 d4 33. Ke2 Re4+ 34. Kd2 Rxf2+ 35. Rxf2 Re2+ 36. Rexe2 d3 37. Re1 c5 38. Rg1+ Kh8 39. Rh2# 1-0

[Event "Cracovia Festival-A 2023"]
[Site "Krakow"]
[Date "2024.01.04"]
[Round "9.25"]
[White "Keinanen, Anastasia"]
[Black "Berin, Artem"]
[Result "1/2-1/2"]
[ECO "B42"]
[WhiteElo "2227"]
[BlackElo "2321"]
[Annotator "RC"]
[PlyCount "98"]
[EventDate "2023.12.24"]
[EventType "swiss"]
[EventCountry "POL"]
[SourceTitle "playchess.com"]
[Source "ChessBase"]
[SourceQuality "1"]
[TimeControl "40/5400+30:1800+30"]

1. e4 c5 2. Nf3 e6 3. d4 cxd4 4. Nxd4 a6 5. Bd3 Bc5 6. Nb3 Ba7 7. c4 Ne7 8. Nc3 Nbc6 9. Qe2 O-O 10. O-O d5 11. exd5 exd5 12. cxd5 Nxd5 13. Bxh7+ Kxh7 14. Qh5+ Kg8 15. Nxd5 Re8 16. Bf4 g6 17. Qf3 Ne5 18. Bxe5 Rxe5 19. Rad1 Qg5 20. Nf6+ Kg7 21. Nd7 Rf5 22. Qc3+ Kg8 23. Qd2 Qe7 24. Qd6 Qxd6 25. Rxd6 Bxd7 26. Rxd7 Re8 27. Rd2 a5 28. g3 a4 29. Nc1 Rc8 30. Kg2 Rfc5 31. Ne2 Rc2 32. Rfd1 Bb6 33. Nd4 Bxd4 34. Rxd4 Rxb2 35. Rxa4 b5 36. Rf4 Rc7 37. Rd8+ Kg7 38. Ra8 f5 39. h4 Rc4 40. Rf3 Ra4 41. Ra3 Rxa3 42. Rxa3 b4 43. Ra6 b3 44. axb3 Rxb3 45. Re6 Kf7 46. Re3 Rb2 47. Kf3 Kf6 48. Rd3 Rb4 49. Ke3 Re4+ 1/2-1/2

[Event "Cracovia Festival-A 2023"]
[Site "Krakow"]
[Date "2024.01.04"]
[Round "9.26"]
[White "Buchenau, Frank"]
[Black "Janeczko, Jakub"]
[Result "1/2-1/2"]
[ECO "B51"]
[WhiteElo "2135"]
[BlackElo "2283"]
[Annotator "RC"]
[PlyCount "76"]
[EventDate "2023.12.24"]
[EventType "swiss"]
[EventCountry "POL"]
[SourceTitle "playchess.com"]
[Source "ChessBase"]
[SourceQuality "1"]
[TimeControl "40/5400+30:1800+30"]

1. e4 c5 2. Nf3 d6 3. Bb5+ Nd7 4. O-O a6 5. Bd3 Ngf6 6. Re1 e6 7. c3 b5 8. Bc2 c4 9. a4 Bb7 10. d4 cxd3 11. Bxd3 bxa4 12. Qxa4 Be7 13. b4 O-O 14. Nbd2 a5 15. Qb3 axb4 16. Rxa8 Bxa8 17. cxb4 e5 18. Ba3 Qb8 19. Rc1 Qa7 20. h3 d5 21. exd5 Nxd5 22. Re1 Nf4 23. Be4 Qa6 24. Bb2 Bxe4 25. Nxe4 Qg6 26. Ng3 h5 27. Nxe5 Nxe5 28. Bxe5 Nd3 29. Re4 Rd8 30. Bxg7 Qxg7 31. Rxe7 Qf6 32. Re4 Qxf2+ 33. Kh2 Nf4 34. Qf3 Qxf3 35. gxf3 Rd2+ 36. Kh1 Rd1+ 37. Kh2 Rd2+ 38. Kh1 Rd1+ 1/2-1/2

[Event "Cracovia Festival-A 2023"]
[Site "Krakow"]
[Date "2024.01.04"]
[Round "9.27"]
[White "van der Merwe, Alexander"]
[Black "Sofronie, Iulian"]
[Result "0-1"]
[ECO "C55"]
[WhiteElo "2113"]
[BlackElo "2438"]
[Annotator "RC"]
[PlyCount "120"]
[EventDate "2023.12.24"]
[EventType "swiss"]
[EventCountry "POL"]
[SourceTitle "playchess.com"]
[Source "ChessBase"]
[SourceQuality "1"]
[TimeControl "40/5400+30:1800+30"]

1. e4 e5 2. Nf3 Nc6 3. Bc4 Nf6 4. d3 h6 5. O-O d6 6. a4 g6 7. Nc3 Bg7 8. h3 O-O 9. Be3 Be6 10. a5 a6 11. Nh2 d5 12. exd5 Nxd5 13. Nxd5 Bxd5 14. Bxd5 Qxd5 15. Qd2 Kh7 16. Ra4 Nd4 17. f4 exf4 18. Bxf4 Rae8 19. Rf2 c5 20. c3 Ne6 21. Bg3 f5 22. Re2 Rd8 23. Ra1 f4 24. Bf2 Ng5 25. h4 f3 26. Re3 Ne4 27. Qe1 Nxf2 28. Qxf2 fxg2 29. Qxg2 Qxg2+ 30. Kxg2 Rd7 31. Rf1 Rxf1 32. Nxf1 Bf6 33. Kg3 Bd8 34. Nd2 Kg7 35. Nc4 Rd5 36. Kg4 Rh5 37. Rh3 Rf5 38. Re3 h5+ 39. Kg3 Bc7+ 40. Kg2 Kf7 41. Re4 g5 42. Ne3 Rf4 43. Rxf4+ Bxf4 44. Nd5 Bc1 45. hxg5 Bxg5 46. c4 Bd2 47. Kf3 Bxa5 48. Nf4 h4 49. Kg4 Bd8 50. Kf5 Bc7 51. Nh3 Ke7 52. Ng5 Kd7 53. Nh3 Kc6 54. Ke6 Bg3 55. Kf5 Kb6 56. Ke6 Ka5 57. Kd7 Kb4 58. Kc8 a5 59. d4 cxd4 60. Kxb7 d3 0-1

[Event "Cracovia Festival-A 2023"]
[Site "Krakow"]
[Date "2024.01.04"]
[Round "9.28"]
[White "Babiarz, Arkadiusz"]
[Black "Loftgaard, Mikkel Vinh"]
[Result "1/2-1/2"]
[ECO "B40"]
[WhiteElo "2129"]
[BlackElo "2322"]
[Annotator "RC"]
[PlyCount "120"]
[EventDate "2023.12.24"]
[EventType "swiss"]
[EventCountry "POL"]
[SourceTitle "playchess.com"]
[Source "ChessBase"]
[SourceQuality "1"]
[TimeControl "40/5400+30:1800+30"]

1. e4 c5 2. Nf3 e6 3. g3 Nc6 4. Bg2 Nf6 5. Qe2 Be7 6. O-O O-O 7. Rd1 d5 8. d3 e5 9. exd5 Nxd5 10. c3 Bf6 11. Nbd2 b6 12. Ne4 Be7 13. d4 exd4 14. cxd4 cxd4 15. Nxd4 Nxd4 16. Rxd4 Nf4 17. Bxf4 Qxd4 18. Rd1 Ba6 19. Rxd4 Bxe2 20. Nc3 Bh5 21. Bxa8 Rxa8 22. Rd7 Bf6 23. Kg2 Bg4 24. Rb7 Be6 25. Rb8+ Rxb8 26. Bxb8 a6 27. Kf3 b5 28. Bd6 Bd4 29. a4 Bc4 30. axb5 axb5 31. Nd1 f5 32. b4 Kf7 33. Ne3 Bd3 34. h4 g6 35. Kf4 h6 36. g4 fxg4 37. Nxg4 Ke6 38. Bf8 h5 39. Ne3 Bf6 40. Kg3 Ke5 41. Bc5 Bd8 42. f3 Bc7 43. Kf2 Bd6 44. f4+ Ke6 45. Bxd6 Kxd6 46. Ke1 Ke6 47. Kd2 Be4 48. Kc3 Bf3 49. Kd4 Be2 50. Ke4 Kf6 51. Kd5 Bd3 52. Kd4 Be2 53. Ke4 Ke6 54. Nc2 Kf6 55. Nd4 Bc4 56. Ke3 Bf1 57. Kf3 Bd3 58. Ke3 Bf1 59. Ke4 Bc4 60. Kf3 Bd3 1/2-1/2

[Event "Cracovia Festival-A 2023"]
[Site "Krakow"]
[Date "2024.01.04"]
[Round "9.29"]
[White "Gkavardinas, Antonios"]
[Black "Meurs, Tom"]
[Result "1-0"]
[ECO "C50"]
[WhiteElo "2141"]
[BlackElo "2290"]
[Annotator "RC"]
[PlyCount "53"]
[EventDate "2023.12.24"]
[EventType "swiss"]
[EventCountry "POL"]
[SourceTitle "playchess.com"]
[Source "ChessBase"]
[SourceQuality "1"]
[TimeControl "40/5400+30:1800+30"]

1. e4 e5 2. Nf3 Nc6 3. Bc4 Nf6 4. d3 Bc5 5. O-O d6 6. c3 a5 7. Re1 Ba7 8. Nbd2 O-O 9. h3 Be6 10. Bb5 Ne7 11. d4 c6 12. Bd3 Ng6 13. Nf1 Nh5 14. Bc2 Nhf4 15. Ng3 Qf6 16. Nf5 h6 17. g3 Nd5 18. Nh2 Bxf5 19. exf5 Ngf4 20. gxf4 exd4 21. Qf3 dxc3 22. bxc3 Rfe8 23. Bd2 Bc5 24. Kg2 Nb6 25. Bd3 d5 26. Ng4 Qd6 27. f6 1-0

[Event "Cracovia Festival-A 2023"]
[Site "Krakow"]
[Date "2024.01.04"]
[Round "9.30"]
[White "Wojdak, Jan"]
[Black "Hnatyshyn, Anastasiia"]
[Result "1/2-1/2"]
[ECO "E04"]
[WhiteElo "2219"]
[BlackElo "2152"]
[Annotator "RC"]
[PlyCount "93"]
[EventDate "2023.12.24"]
[EventType "swiss"]
[EventCountry "POL"]
[SourceTitle "playchess.com"]
[Source "ChessBase"]
[SourceQuality "1"]
[TimeControl "40/5400+30:1800+30"]

1. d4 d5 2. c4 e6 3. Nf3 Nf6 4. g3 dxc4 5. Bg2 a6 6. O-O Nc6 7. a4 Rb8 8. e3 b5 9. axb5 axb5 10. b3 cxb3 11. Qxb3 Be7 12. Bb2 O-O 13. Rc1 Nb4 14. Nbd2 Bb7 15. Ba3 Nbd5 16. Bb2 Nb4 17. Ba3 Nbd5 18. Bb2 Nb6 19. Qxb5 Bd5 20. Qd3 Ba8 21. Ba3 Bxa3 22. Qxa3 Ne4 23. Nxe4 Bxe4 24. Qc5 Ra8 25. Ne5 Bxg2 26. Kxg2 Rxa1 27. Rxa1 Nd7 28. Nxd7 Qxd7 29. Rc1 Rc8 30. h4 h6 31. h5 Ra8 32. Qe5 c6 33. Rc5 Qb7 34. Qe4 Ra6 35. g4 Rb6 36. Qf3 Qa6 37. g5 Rb1 38. g6 fxg6 39. Qxc6 Qf1+ 40. Kg3 Qg1+ 41. Qg2 gxh5 42. Rxh5 Kf7 43. Rc5 g5 44. Qxg1 Rxg1+ 45. Kh2 Rd1 46. Kg3 Rg1+ 47. Kh2 1/2-1/2

[Event "Cracovia Festival-A 2023"]
[Site "Krakow"]
[Date "2024.01.04"]
[Round "9.31"]
[White "Selbes, Tamer Tarik"]
[Black "Gorkiewicz, Mateusz"]
[Result "1/2-1/2"]
[ECO "A14"]
[WhiteElo "2185"]
[BlackElo "2147"]
[Annotator "RC"]
[PlyCount "120"]
[EventDate "2023.12.24"]
[EventType "swiss"]
[EventCountry "POL"]
[SourceTitle "playchess.com"]
[Source "ChessBase"]
[SourceQuality "1"]
[TimeControl "40/5400+30:1800+30"]

1. Nf3 Nf6 2. g3 d5 3. Bg2 e6 4. c4 Be7 5. O-O O-O 6. d4 dxc4 7. Qc2 a6 8. a4 Bd7 9. Qxc4 Bc6 10. Bg5 Nbd7 11. Nc3 h6 12. Bxf6 Nxf6 13. Rfe1 Bd5 14. Qd3 Bxf3 15. Bxf3 c6 16. e3 Qc7 17. Red1 Rad8 18. Qc4 Qb8 19. a5 Rfe8 20. h4 h5 21. Rd3 g6 22. Rad1 Kg7 23. Kg2 Qc7 24. e4 Qxa5 25. d5 Qb4 26. Qxb4 Bxb4 27. Na2 Bf8 28. dxc6 Rxd3 29. Rxd3 bxc6 30. Nc1 Rb8 31. Rc3 c5 32. Nd3 Rb5 33. Rc4 Nd7 34. Ra4 a5 35. Be2 Nb6 36. Ra2 c4 37. Ne1 Bc5 38. Nf3 a4 39. Ne5 Bd4 40. Nxc4 Nxc4 41. Rxa4 Rxb2 42. Rxc4 Bb6 43. Kf1 Kf6 44. f4 Rb3 45. Kg2 Ba5 46. Rc5 Be1 47. Rg5 Re3 48. Bf3 Ra3 49. Rb5 Ra2+ 50. Kh3 Rf2 51. Bg2 Rc2 52. e5+ Kg7 53. Rb3 Bf2 54. Be4 Re2 55. Bf3 Ra2 56. Rb1 Rc2 57. Rh1 Bc5 58. Rh2 Rc3 59. Be4 Be3 60. Rc2 Rxc2 1/2-1/2

[Event "Cracovia Festival-A 2023"]
[Site "Krakow"]
[Date "2024.01.04"]
[Round "9.32"]
[White "Leskiewicz, Ignacy"]
[Black "Gaurav Rajesh Zagade"]
[Result "1-0"]
[ECO "B31"]
[WhiteElo "2177"]
[BlackElo "2126"]
[Annotator "RC"]
[PlyCount "63"]
[EventDate "2023.12.24"]
[EventType "swiss"]
[EventCountry "POL"]
[SourceTitle "playchess.com"]
[Source "ChessBase"]
[SourceQuality "1"]
[TimeControl "40/5400+30:1800+30"]

1. e4 c5 2. Nf3 Nc6 3. Bb5 g6 4. Bxc6 dxc6 5. O-O Bg7 6. Re1 Bg4 7. h3 Bxf3 8. Qxf3 e5 9. a4 a5 10. d3 Qc7 11. Na3 Nf6 12. Nc4 O-O 13. Bd2 b6 14. Ra3 Nd7 15. g4 f6 16. h4 Rf7 17. h5 Bf8 18. hxg6 hxg6 19. Kg2 Rh7 20. Raa1 Bg7 21. Rh1 Rxh1 22. Rxh1 Nf8 23. Qh3 Re8 24. Kg1 Ne6 25. Bh6 Rb8 26. f4 Nxf4 27. Bxf4 exf4 28. Qh7+ Kf7 29. Rh6 g5 30. e5 fxe5 31. Nd6+ Kf8 32. Rf6+ 1-0

[Event "Cracovia Festival-A 2023"]
[Site "Krakow"]
[Date "2024.01.04"]
[Round "9.33"]
[White "Valiyev, Shahin"]
[Black "Zarnowski, Krzysztof"]
[Result "1-0"]
[ECO "C06"]
[WhiteElo "2158"]
[BlackElo "2114"]
[Annotator "RC"]
[PlyCount "63"]
[EventDate "2023.12.24"]
[EventType "swiss"]
[EventCountry "POL"]
[SourceTitle "playchess.com"]
[Source "ChessBase"]
[SourceQuality "1"]
[TimeControl "40/5400+30:1800+30"]

1. e4 e6 2. d4 d5 3. Nd2 Nf6 4. e5 Nfd7 5. Bd3 c5 6. c3 Nc6 7. Ne2 cxd4 8. cxd4 f6 9. exf6 Nxf6 10. O-O Bd6 11. Nf3 Qc7 12. h3 O-O 13. Be3 Bd7 14. Re1 a6 15. Rc1 Nh5 16. Ng5 g6 17. Nc3 Ng7 18. Qg4 Nf5 19. Bxf5 Rxf5 20. Qh4 Bc8 21. Na4 Rb8 22. Bd2 Qg7 23. Nb6 e5 24. dxe5 Rxe5 25. Bf4 Bf5 26. Bxe5 Nxe5 27. Qd4 Nf7 28. Qxd5 Bf4 29. Rc8+ Rxc8 30. Nxc8 Qf8 31. Ne7+ Kg7 32. Nxf5+ 1-0

[Event "Cracovia Festival-A 2023"]
[Site "Krakow"]
[Date "2024.01.04"]
[Round "9.34"]
[White "Lehocz, Jozsef Jr."]
[Black "Pyrig, Roman"]
[Result "0-1"]
[ECO "B22"]
[WhiteElo "2116"]
[BlackElo "2154"]
[Annotator "RC"]
[PlyCount "134"]
[EventDate "2023.12.24"]
[EventType "swiss"]
[EventCountry "POL"]
[SourceTitle "playchess.com"]
[Source "ChessBase"]
[SourceQuality "1"]
[TimeControl "40/5400+30:1800+30"]

1. e4 c5 2. c3 d5 3. exd5 Qxd5 4. d4 Nf6 5. Be3 cxd4 6. cxd4 e6 7. Nc3 Qa5 8. Bc4 Bb4 9. Nf3 Bxc3+ 10. bxc3 Qxc3+ 11. Bd2 Qxc4 12. Rc1 Qc6 13. Rxc6 Nxc6 14. Ne5 O-O 15. Nxc6 bxc6 16. Qa4 Bd7 17. Qa3 Nd5 18. O-O Rfb8 19. Rc1 Rb7 20. h3 h6 21. Rc5 Be8 22. Ra5 Bd7 23. Kh2 Be8 24. Qg3 Kh7 25. Qd3+ Kg8 26. Qa3 Bd7 27. Bc1 Be8 28. Qg3 Kh7 29. Ba3 Kg8 30. Bc5 Bd7 31. Qa3 Nc7 32. Qa4 Nb5 33. Qc4 Be8 34. Qd3 Bd7 35. Qg3 Kh7 36. Qf4 Be8 37. Qe5 Bd7 38. h4 Kg8 39. Ra4 a5 40. Qe1 e5 41. dxe5 Be6 42. Rxa5 Rd8 43. a4 Nd4 44. Ra7 Rb2 45. Bd6 c5 46. Bxc5 Nf5 47. Bd6 Rc8 48. Rc7 Ra8 49. Qe4 Ra6 50. Rc6 Ra5 51. Rc5 Nxd6 52. Qd4 Rxc5 53. Qxc5 Nc4 54. h5 Re2 55. Qb4 Rxf2 56. Qb8+ Kh7 57. Qb1+ Bf5 58. Qe1 Ra2 59. Qf1 Ne3 60. Qf4 Rxg2+ 61. Kh1 Re2 62. a5 Be6 63. Qe4+ g6 64. hxg6+ Kg7 65. Qd4 Bd5+ 66. Kg1 Rg2+ 67. Kh1 Rd2+ 0-1